[Event "44th Chess Olympiad Women 2022"]
[Site "Chennai"]
[Date "2022.08.08"]
[Round "10.26"]
[White "Wafa, Shahenda"]
[Black "Khan, Nazrana"]
[Result "1-0"]
[WhiteElo "2115"]
[BlackElo "1829"]
[Annotator "NA RC"]
[PlyCount "61"]
[EventDate "2022.??.??"]
[TimeControl "60"]

1. e4 c5 2. Nf3 d6 3. d4 cxd4 4. Nxd4 Nf6 5. Nc3 a6 6. Bg5 e6 7. f4 Nbd7 8. Qf3 Be7 9. O-O-O Qc7 10. g4 b5 11. Bxf6 Bxf6 12. Bxb5 axb5 13. Ndxb5 Qb8 14. Nxd6+ Ke7 15. e5 Bh4 16. g5 g6 17. Rhg1 h5 18.
Rg2 Rd8 19. Qh3 Bb7 20. Rgd2 Bd5 21. Qxh4 Bxa2 22. Nxf7 Bd5 23. Rxd5 Ra1+ 24. Nb1 exd5 25. Nxd8 Qa8 26. Qe1 Kxd8 27. e6 Nc5 28. Qe5 Qc6 29. Rxd5+ Ke8 30. Qh8+ Ke7 31. Qf6+ 1-0

[Event "44th Chess Olympiad Women 2022"]
[Site "Chennai"]
[Date "2022.08.08"]
[Round "10.27"]
[White "Bacic, Kristina"]
[Black "Puuska, Heini"]
[Result "1-0"]
[WhiteElo "1866"]
[BlackElo "2010"]
[Annotator "NA RC"]
[PlyCount "67"]
[EventDate "2022.??.??"]
[TimeControl "60"]

1. d4 d6 2. c4 Nf6 3. Nc3 Nbd7 4. Nf3 e5 5. e3 Be7 6. Be2 O-O 7. O-O c6 8. b3 h6 9. Bb2 e4 10. Nd2 d5 11. f3 exf3 12. Bxf3 Nb6 13. c5 Nbd7 14. e4 dxe4 15. Ndxe4 Nxe4 16. Nxe4 Nf6 17. Qc2 Nxe4 18. Bxe4 Be6 19. Qf2 Bd5 20. Rae1 Bxe4 21. Rxe4 Bf6 22. Rg4 Kh8 23. d5 Bxb2 24. Qxb2 f6 25. d6 b6 26. b4 a5 27. a3 axb4 28.
axb4 bxc5 29. bxc5 Qa5 30. Qd4 Rfe8 31. Rxf6 Re1+ 32. Kf2 Qa2+ 33. Kg3 Ra7 34. Rf8+ 1-0

[Event "44th Chess Olympiad Women 2022"]
[Site "Chennai"]
[Date "2022.08.08"]
[Round "10.27"]
[White "Milovic, Aleksandra"]
[Black "Nazarova, Anastasia"]
[Result "1-0"]
[WhiteElo "2129"]
[BlackElo "2208"]
[Annotator "NA RC"]
[PlyCount "51"]
[EventDate "2022.??.??"]
[TimeControl "60"]

1. d4 Nf6 2. Nc3 d5 3. Bf4 c6 4. e3 Bf5 5. Bd3 e6 6. Nf3 Bd6 7. O-O Qc7 8. Bxd6 Qxd6 9. Ne5 Nbd7 10. f4 h5 11. h3 Qe7 12. Qe1 h4 13. b4 O-O-O 14. b5 c5 15. Na4 c4 16. Bxf5 exf5 17. Qa5 Kb8 18. Nc6+ bxc6 19. bxc6 Nb6 20. Nxb6 Qxe3+ 21. Kh1 Qxd4 22. Rab1 axb6 23. Rxb6+ Kc7 24. Rb7+ Kd6 25. Qc7+ Kc5 26.
Qb6+ 1-0

[Event "44th Chess Olympiad Women 2022"]
[Site "Chennai"]
[Date "2022.08.08"]
[Round "10.27"]
[White "Norlamo, Sarabella"]
[Black "Popovic, Mateja"]
[Result "1-0"]
[WhiteElo "1925"]
[BlackElo "1634"]
[Annotator "NA RC"]
[PlyCount "43"]
[EventDate "2022.??.??"]
[TimeControl "60"]

1. d4 d5 2. c4 e6 3. cxd5 exd5 4. Nc3 Nf6 5. Bg5 Be7 6. e3 O-O 7. Bd3 Nbd7 8. Nge2 h6 9. Bh4 c5 10. O-O cxd4 11. Nxd4 Nb6 12. Rc1 Bd7 13. Qb3 Bc6 14. Nf5 Bc5 15. Rfd1 Nbd7 16. Bb1 Qa5 17. Qc2 Bb4 18. Qd3 Ne4 19. Nxd5 Bxd5 20. Qxd5 Nef6 21. Qxb7 Rab8 22. Qc7 1-0

[Event "44th Chess Olympiad Women 2022"]
[Site "Chennai"]
[Date "2022.08.08"]
[Round "10.27"]
[White "Tuominen, Tanja"]
[Black "Koljevic, Nikolina"]
[Result "1-0"]
[WhiteElo "2080"]
[BlackElo "2014"]
[Annotator "NA RC"]
[PlyCount "61"]
[EventDate "2022.??.??"]
[TimeControl "60"]

1. e4 c6 2. d4 d5 3. exd5 cxd5 4. Bd3 Nc6 5. c3 Qc7 6. h3 g6 7. Ne2 Bf5 8. Bxf5 gxf5 9. Bf4 Qd7 10. O-O Nf6 11. Nd2 e6 12. Re1 Bd6 13.
Bxd6 Qxd6 14. c4 Rg8 15. Qb3 O-O-O 16. Rac1 Kb8 17. c5 Qe7 18. Qa4 Nh5 19. Nf3 Rg6 20. Ne5 Nxe5 21. dxe5 Rc8 22. c6 b6 23. c7+ Rxc7 24. Rxc7 Qxc7 25. Rc1 Qe7 26. Rc3 Rg8 27. Nd4 Qb7 28. Nc6+ Ka8 29. Ra3 a6 30. Qb5 a5 31. Rxa5+ 1-0

[Event "44th Chess Olympiad Women 2022"]
[Site "Chennai"]
[Date "2022.08.08"]
[Round "10.28"]
[White "Bobomurodova, Maftuna"]
[Black "Perez, Dalila"]
[Result "1-0"]
[WhiteElo "1914"]
[BlackElo "1799"]
[Annotator "NA RC"]
[PlyCount "105"]
[EventDate "2022.??.??"]
[TimeControl "60"]

1. e4 e6 2. d4 d5 3. Nd2 c5 4. exd5 Qxd5 5. Ngf3 cxd4 6. Bc4 Qd6 7. O-O Nf6 8. Nb3 Nc6 9. Nbxd4 Nxd4 10. Nxd4 a6 11. Re1 Qc7 12. Bf1 Be7 13. Qf3 Qb6 14. Nb3 O-O 15. Be3 Qc7 16. c4 Bd6 17. h3 h6 18.
Bxh6 Bh2+ 19. Kh1 Be5 20. Bd2 Bxb2 21. Rab1 Be5 22. Ba5 Qb8 23. Nc5 Bd4 24. Bb6 e5 25. Ne4 Nxe4 26. Qxe4 Qd6 27. Red1 Qa3 28. Bxd4 exd4 29. Qxd4 Qa5 30. Bd3 Be6 31. Qh4 g6 32. Qf6 Qh5 33. Be4 Rab8 34. Bf3 Qc5 35. Bd5 Rfe8 36. Rd4 Qe7 37. Qf3 Bxd5 38. cxd5 Qd6 39. Rbd1 Rbd8 40. a4 Kg7 41. Rf4 Rd7 42. g4 Rc8 43. Kg2 Qe5 44. Re4 Qd6 45. h4 b5 46. h5 b4 47. Qe3 a5 48.
Qd4+ Kh7 49. hxg6+ Kxg6 50. Re5 Rc4 51. Qd3+ Kg7 52. Rg5+ Kf6 53. Rf5+ 1-0

[Event "44th Chess Olympiad Women 2022"]
[Site "Chennai"]
[Date "2022.08.08"]
[Round "10.28"]
[White "Montiel Caceres, Helen"]
[Black "Khamdamova, Afruza"]
[Result "0-1"]
[WhiteElo "1763"]
[BlackElo "1969"]
[Annotator "NA RC"]
[PlyCount "72"]
[EventDate "2022.??.??"]
[TimeControl "60"]

1. d4 Nf6 2. c4 e6 3. Nf3 d5 4. Nc3 Be7 5. cxd5 exd5 6. Bg5 O-O 7. Qc2 Nbd7 8. e3 Re8 9. Bd3 c6 10. O-O Nf8 11. Rab1 a5 12. a3 h6 13. Bh4 Ne4 14. Bxe7 Qxe7 15. Bxe4 dxe4 16. Ne5 f6 17. Nc4 Be6 18. Nb6 Ra6 19. Nca4 Qd8 20. b4 Rxb6 21. Nxb6 Qxb6 22. bxa5 Qxa5 23. Rxb7 Bd5 24. Qb2 Ra8 25. Ra1 Ne6 26. Rb4 Kh7 27. h4 f5 28. Qb1 Qd8 29. g3 Qf6 30. Rb7 f4 31. exf4 Nxd4 32. h5 c5 33.
Rb6 Qf5 34. Qd1 Qh3 35. f3 Qxg3+ 36. Kf1 Bc4+ 0-1

[Event "44th Chess Olympiad Women 2022"]
[Site "Chennai"]
[Date "2022.08.08"]
[Round "10.28"]
[White "Oviedo Acosta, Paula"]
[Black "Omonova, Umida"]
[Result "1/2-1/2"]
[WhiteElo "1855"]
[BlackElo "2195"]
[Annotator "NA RC"]
[PlyCount "61"]
[EventDate "2022.??.??"]
[TimeControl "60"]

1. e4 e5 2. Nf3 Nc6 3. Bc4 Bc5 4. c3 Nf6 5. d3 a6 6. Bb3 Ba7 7. Nbd2 O-O 8. O-O d6 9. h3 Kh8 10. Re1 Ng8 11. Nf1 f5 12. Bg5 Qe8 13.
exf5 Bxf5 14. Ng3 Be6 15. Bxe6 Qxe6 16. d4 Qg6 17. Be3 e4 18. Nh4 Qf6 19. Nxe4 Qf7 20. Ng5 Qf6 21. Qh5 Nh6 22. g4 Ne7 23. Ne6 Qxe6 24. Bxh6 Qf6 25. Bg5 Qxf2+ 26. Kh1 Rf3 27. Nxf3 Qxf3+ 28. Kg1 Qg3+ 29. Kh1 Qf3+ 30. Kg1 Qg3+ 31. Kh1 1/2-1/2

[Event "44th Chess Olympiad Women 2022"]
[Site "Chennai"]
[Date "2022.08.08"]
[Round "10.28"]
[White "Yakubbaeva, Nilufar"]
[Black "Vargas, Gabriela"]
[Result "1/2-1/2"]
[WhiteElo "2299"]
[BlackElo "2140"]
[Annotator "NA RC"]
[PlyCount "39"]
[EventDate "2022.??.??"]
[TimeControl "60"]

1. d4 d5 2. Nf3 Nc6 3. Bf4 Bf5 4. e3 e6 5. Bb5 Bd6 6. Ne5 Nge7 7. O-O O-O 8. Nxc6 bxc6 9. Bxd6 Qxd6 10. Bd3 c5 11. c3 cxd4 12. exd4 c5 13. dxc5 Qxc5 14. Bxf5 Nxf5 15. Nd2 Rab8 16. Nb3 Qc4 17. Re1 Rfd8 18. Qe2 Qxe2 19. Rxe2 h5 20. Kf1 1/2-1/2

[Event "44th Chess Olympiad Women 2022"]
[Site "Chennai"]
[Date "2022.08.08"]
[Round "10.29"]
[White "Foudzi, Siti Zulaikha"]
[Black "Shabanaj, Eglantina"]
[Result "1-0"]
[WhiteElo "2188"]
[BlackElo "1940"]
[Annotator "NA RC"]
[PlyCount "75"]
[EventDate "2022.??.??"]
[TimeControl "60"]

1. e4 e5 2. Nf3 Nc6 3. Bb5 a6 4. Ba4 d6 5. Qe2 Bd7 6. c3 g6 7. O-O Bg7 8. d3 Nf6 9. Nbd2 O-O 10. Re1 Qe7 11. Bb3 Nh5 12. Nf1 Kh8 13.
h3 f6 14. d4 Rad8 15. a3 Be8 16. Qc2 Bf7 17. Bd5 Qd7 18. b4 Bxd5 19. exd5 Ne7 20. c4 c6 21. dxc6 Qxc6 22. Qe2 Ng8 23. d5 Qd7 24. g4 Nf4 25. Bxf4 exf4 26. Rac1 f5 27. g5 Rde8 28. Qd3 h6 29. h4 Be5 30. c5 hxg5 31. hxg5 Qd8 32. N1d2 Rf7 33. Kg2 Rh7 34. Rh1 Ree7 35. Nc4 Kg7 36. cxd6 Bxd6 37. Rxh7+ Kxh7 38. Qd4 1-0

[Event "44th Chess Olympiad Women 2022"]
[Site "Chennai"]
[Date "2022.08.08"]
[Round "10.29"]
[White "Gjergji, Rozana"]
[Black "Chong, Kai Ni Agnes"]
[Result "1-0"]
[WhiteElo "1920"]
[BlackElo "1909"]
[Annotator "NA RC"]
[PlyCount "117"]
[EventDate "2022.??.??"]
[TimeControl "60"]

1. e4 c5 2. Nc3 e6 3. f4 d5 4. Bb5+ Bd7 5. Bxd7+ Qxd7 6. d3 Nc6 7. Nf3 Nf6 8. O-O Be7 9. Ne5 Qc7 10. Ng4 O-O-O 11. Nf2 h5 12. Bd2 h4 13. Ne2 Nh5 14. c3 f6 15. d4 dxe4 16. Nxe4 cxd4 17. Nxd4 Nxd4 18. cxd4 Kb8 19. Qa4 Qb6 20. Be3 e5 21. fxe5 fxe5 22. Nc5 Nf6 23. Rac1 Rd5 24. dxe5 Bxc5 25. Rxc5 Rxc5 26. exf6 gxf6 27. Qf4+ Ka8 28. b4 Rf5 29. Bxb6 Rxf4 30. Rxf4 axb6 31. Rxf6 h3 32. g3 Rc8 33. Rh6 Rc1+ 34. Kf2 Rc2+ 35. Kf3 Rxh2 36. Kg4 Rb2 37. Kxh3 Rxb4 38. g4 Rb5 39. Kh4 Ra5 40. Rxb6 Rxa2 41. g5 Rg2 42. Kh5 Ka7 43. Rb4 Ka6 44. g6 b5 45. Rg4 Rh2+ 46. Kg5 Rh8 47. g7 Rg8 48. Kf6 Ka5 49. Kf7 Rc8 50. g8=Q Rxg8 51. Rxg8 Kb4 52. Rc8 Kb3 53. Ke6 b4 54. Kd5 Ka2 55. Kd4 b3 56. Kc3 b2 57. Ra8+ Kb1 58.
Rb8 Ka1 59. Kc2 1-0

[Event "44th Chess Olympiad Women 2022"]
[Site "Chennai"]
[Date "2022.08.08"]
[Round "10.29"]
[White "Shuqja, Klean"]
[Black "Azhar, Puteri Munajjah Az-"]
[Result "1/2-1/2"]
[WhiteElo "1883"]
[BlackElo "2018"]
[Annotator "NA RC"]
[PlyCount "114"]
[EventDate "2022.??.??"]
[TimeControl "60"]

1. e4 e5 2. Nf3 Nc6 3. Bb5 a6 4. Ba4 Bc5 5. O-O b5 6. Bb3 Nf6 7. d3 O-O 8. Bg5 h6 9. Bh4 Be7 10. Re1 d6 11. c3 Rb8 12. Nbd2 g5 13.
Bg3 Bg4 14. Nf1 Na5 15. Bc2 Qd7 16. Ne3 c5 17. Nxg4 Qxg4 18.
d4 exd4 19. cxd4 Rbd8 20. e5 dxe5 21. Bxe5 Nd5 22. Qd3 f5 23. h3 Qh5 24. Bc7 Nxc7 25. Rxe7 Nd5 26. Ra7 Nb4 27. Qc3 Nac6 28. Rb7 Nxc2 29. Qxc2 c4 30. Qc3 Rf7 31. Rb6 g4 32. hxg4 fxg4 33. Ne5 Nxe5 34. dxe5 Rd3 35. Rb8+ Kh7 36. Qe1 Qf5 37. Qe2 Re7 38. Re1 Rd5 39. Qe4 Rexe5 40. Qxf5+ Rxf5 41. Rb6 Rfe5 42. Rxe5 Rxe5 43. Kf1 a5 44. Ra6 b4 45. Rc6 Re4 46. Ra6 c3 47. bxc3 bxc3 48. Rc6 Ra4 49. Rxc3 Rxa2 50. Rc5 a4 51. Ra5 Kg6 52. Kg1 a3 53. Kh2 Rxf2 54. Rxa3 Kg5 55. Kg3 Rf5 56. Ra8 h5 57. Rg8+ Kh6 1/2-1/2

[Event "44th Chess Olympiad Women 2022"]
[Site "Chennai"]
[Date "2022.08.08"]
[Round "10.29"]
[White "Sim, Jia Ru"]
[Black "Caku, Kler"]
[Result "0-1"]
[WhiteElo "2005"]
[BlackElo "1626"]
[Annotator "NA RC"]
[PlyCount "116"]
[EventDate "2022.??.??"]
[TimeControl "60"]

1. e4 e5 2. Nf3 Nc6 3. Bb5 a6 4. Ba4 Nf6 5. O-O b5 6. Bb3 Be7 7. Re1 d6 8. c3 O-O 9. h3 Na5 10. Bc2 c5 11. d4 Nc6 12. d5 Nb8 13.
Nbd2 Nbd7 14. a4 Rb8 15. axb5 axb5 16. b4 c4 17. Nf1 Re8 18. Be3 Nf8 19. Qd2 Bb7 20. Ra7 Qd7 21. Ng3 Ra8 22. Rea1 Rxa7 23. Rxa7 Ra8 24. Rxa8 Bxa8 25. Nf5 Ng6 26. Qc1 Bb7 27. Qa1 Bf8 28. Qa7 Bc8 29. Qb6 Ne8 30. Nd2 Ne7 31. Ng3 Qb7 32. Ne2 f5 33. Qxb7 Bxb7 34. f3 Nf6 35. Nb1 Kf7 36. Na3 Ba6 37. g4 f4 38. Bxf4 exf4 39. Nxf4 Ng6 40. Ne6 Ne8 41. Kf2 Be7 42. Ke3 Bf6 43. Nb1 Bc8 44. f4 Bxe6 45. dxe6+ Kf8 46. g5 Bd8 47. Nd2 Ke7 48. Nf3 Bb6+ 49. Nd4 Bxd4+ 50. cxd4 Nc7 51. f5 Nh4 52. d5 Na6 53. e5 dxe5 54. Ke4 Nxb4 55. Kxe5 Nf3+ 56. Kf4 Nxc2 57. Kxf3 Nd4+ 58. Ke4 Nxf5 0-1

[Event "44th Chess Olympiad Women 2022"]
[Site "Chennai"]
[Date "2022.08.08"]
[Round "10.30"]
[White "Avila Fraire, Ameyalli"]
[Black "Nikolovska, Dragana"]
[Result "1-0"]
[WhiteElo "1907"]
[BlackElo "1876"]
[Annotator "NA RC"]
[PlyCount "81"]
[EventDate "2022.??.??"]
[TimeControl "60"]

1. e4 c5 2. Nf3 d6 3. d4 cxd4 4. Nxd4 Nf6 5. Nc3 g6 6. Be3 Bg7 7. f3 O-O 8. Qd2 Nc6 9. O-O-O d5 10. Nxc6 bxc6 11. Bh6 Bxh6 12. Qxh6 e5 13. exd5 cxd5 14. h4 Rb8 15. h5 Qb6 16. b3 Bb7 17. hxg6 fxg6 18. Rxd5 Qc7 19. Bc4 Bxd5 20. Nxd5 Nxd5 21. Bxd5+ Kh8 22. Qxg6 a5 23. Qc6 Qa7 24. Qc3 Rfe8 25. Be4 Re7 26. a4 Qd4 27. Qxd4 exd4 28. Rh5 Rg7 29. g4 Rc7 30. Rxa5 Rxb3 31. Ra7 Rbc3 32. Rxc7 Rxc7 33. Kb2 Ra7 34. Kb3 Kg7 35. Kb4 Kf6 36. Kb5 Ke5 37. a5 Kd6 38. Kb6 Rc7 39. a6 Rc4 40. a7 Rb4+ 41. Ka5 1-0

[Event "44th Chess Olympiad Women 2022"]
[Site "Chennai"]
[Date "2022.08.08"]
[Round "10.30"]
[White "Corrales Jimenez, Zenia"]
[Black "Stojkovska, Monika"]
[Result "1-0"]
[WhiteElo "2143"]
[BlackElo "2091"]
[Annotator "NA RC"]
[PlyCount "93"]
[EventDate "2022.??.??"]
[TimeControl "60"]

1. e4 c5 2. Nf3 d6 3. d4 cxd4 4. Qd2 d3
5. Qxd3 Nc6 6. Qe3 Nf6 7. Be2 e6 8. c4 Be7 9. O-O O-O 10. Nc3 Qc7 11. h3 Rd8 12. Rd1 a6 13. b3 d5 14. e5 d4 15. Nxd4 Rxd4 16. exf6 Rxd1+ 17. Bxd1 Bxf6 18. Nd5 Qd8 19. Nxf6+ Qxf6 20. Rb1 e5 21. Rb2 Bf5 22. Rd2 Rd8 23. Bb2 Rxd2 24. Qxd2 Qe7 25. Bf3 e4 26. Be2 Qd7 27. Qxd7 Bxd7 28. f3 Bf5 29. Kf2 f6 30. Ke3 exf3 31. Bxf3 Kf7 32. b4 Bc8 33. b5 axb5 34. cxb5 Ne5 35. Bxe5 fxe5 36. Ke4 Kf6 37. b6 Bd7 38. Ke3 Bc8 39. a4 Ke7 40. a5 Kd6 41. a6 bxa6 42.
b7 Bxb7 43. Bxb7 a5 44. Ke4 a4 45. Bd5 a3 46. Ba2 g6 47. g4 1-0

[Event "44th Chess Olympiad Women 2022"]
[Site "Chennai"]
[Date "2022.08.08"]
[Round "10.30"]
[White "Eftovska, Lea"]
[Black "Hernandez Diaz, Paula Sofia"]
[Result "0-1"]
[WhiteElo "1634"]
[BlackElo "1751"]
[Annotator "NA RC"]
[PlyCount "80"]
[EventDate "2022.??.??"]
[TimeControl "60"]

1. e4 c5 2. Nc3 Nc6 3. f4 g6 4. Nf3 Bg7 5. Bb5 Nd4 6. O-O a6 7. Bd3 e6 8. Nxd4 cxd4 9. Ne2 d5 10. e5 Ne7 11. b3 Nc6 12. Bb2 Qb6 13.
Qe1 Bd7 14. Qh4 Bf8 15. a3 Be7 16. Qf2 a5 17. Kh1 f6 18.
exf6 Bxf6 19. Qf3 O-O-O 20. b4 axb4 21. axb4 Kc7 22. c3 dxc3 23. Bxc3 Bxc3 24. Nxc3 Ra8 25. Nb5+ Kb8 26. Rxa8+ Kxa8 27. Ra1+ Kb8 28. f5 gxf5 29. Qg3+ e5 30. Qg7 Rd8 31. Qf6 Bc8 32. Na7 Qd4 33. Nxc6+ bxc6 34. Ra2 Qxd3 35. Qxe5+ Kb7 36. Qe7+ Rd7 37. Qe1 Qd4 38. Qb1 Re7 39. b5 c5 40. d3 Qb4 0-1

[Event "44th Chess Olympiad Women 2022"]
[Site "Chennai"]
[Date "2022.08.08"]
[Round "10.30"]
[White "Manova, Ivana"]
[Black "Guillen Cristobal, Sandra N"]
[Result "0-1"]
[WhiteElo "1849"]
[BlackElo "1962"]
[Annotator "NA RC"]
[PlyCount "144"]
[EventDate "2022.??.??"]
[TimeControl "60"]

1. e4 c5 2. Nf3 Nc6 3. Bb5 g6 4. Bxc6 dxc6 5. d3 Bg7 6. h3 Nf6 7. O-O Nd7 8. c3 e5 9. Be3 b6 10. a4 a5 11. d4 cxd4 12. cxd4 O-O 13.
Nc3 Qe7 14. d5 Bb7 15. dxc6 Bxc6 16. Nd5 Bxd5 17. Qxd5 Rfe8 18. Qb5 Nc5 19. Bxc5 bxc5 20. Rfc1 Bf8 21. Rc2 Reb8 22. Qc6 Ra7 23. Nd2 Rc7 24. Qa6 Ra7 25. Qc6 Rc7 26. Qa6 Rb4 27. Nc4 Ra7 28. Qc6 Rc7 29. Qd5 Rd7 30. Qxe5 Qd8 31. Qc3 Rd3 32. Qe1 Qd4 33. Ne3 Qxe4 34. Ng4 Qxe1+ 35. Rxe1 Kg7 36. Ne5 Rdb3 37. Ree2 Rxa4 38. Nc4 Rbb4 39. Na3 Bd6 40. Rc3 Rd4 41. g3 c4 42. Kg2 Bxa3 43. bxa3 Rd3 44. Re3 Rd4 45. Kf3 f5 46. Ke2 Kf6 47. f4 h6 48. Kf3 g5 49. fxg5+ hxg5 50. Ke2 f4 51. gxf4 gxf4 52. Re8 Rd3 53. Rxd3 cxd3+ 54. Kxd3 Rxa3+ 55. Kd4 Rxh3 56. Ra8 Ra3 57. Ke4 Ra4+ 58. Kf3 Kf5 59. Rf8+ Ke6 60. Re8+ Kd6 61. Rh8 Rc4 62. Ra8 a4 63. Ra5 Kc6 64. Ke2 Kb6 65. Ra8 Rd4 66. Kf3 Kb5 67. Ra7 Kb4 68. Rb7+ Kc3 69. Ra7 Kb3 70. Rh7 a3 71. Rh2 a2 72. Rh1 Kc2 0-1

[Event "44th Chess Olympiad Women 2022"]
[Site "Chennai"]
[Date "2022.08.08"]
[Round "10.31"]
[White "Hng, Mei-Xian Eunice"]
[Black "Lampard, Alice"]
[Result "1-0"]
[WhiteElo "1823"]
[BlackElo "1729"]
[Annotator "NA RC"]
[PlyCount "55"]
[EventDate "2022.??.??"]
[TimeControl "60"]

1. e4 c5 2. d4 cxd4 3. c3 dxc3 4. Nxc3 Nc6 5. Bc4 d6 6. Nf3 a6 7. O-O Nf6 8. Bf4 Bg4 9. h3 Bxf3 10. Qxf3 e6 11. Rfd1 Qa5 12. Be2 e5 13. Be3 Be7 14. Qg3 Rg8 15. a3 b5 16. b4 Qd8 17. Rac1 Rc8 18.
Nxb5 Kf8 19. Nxd6 Bxd6 20. Rxd6 Qe8 21. Bc5 Ne7 22. Qxe5 Rd8 23. Rxd8 Qxd8 24. Rd1 Qe8 25. Bxa6 Nd7 26. Qc7 Nxc5 27. bxc5 Nc6 28. Bb5 1-0

[Event "44th Chess Olympiad Women 2022"]
[Site "Chennai"]
[Date "2022.08.08"]
[Round "10.31"]
[White "Hughes, Rhian"]
[Black "Fang, Kun"]
[Result "0-1"]
[WhiteElo "1843"]
[BlackElo "1766"]
[Annotator "NA RC"]
[PlyCount "48"]
[EventDate "2022.??.??"]
[TimeControl "60"]

1. c4 c6 2. Nc3 d5 3. cxd5 cxd5 4. d4 Nf6 5. Nf3 Nc6 6. e3 Bf5 7. a3 a6 8. Bd3 Bxd3 9. Qxd3 e6 10. O-O Be7 11. b4 b5 12. Bb2 Nd7 13.
Nd2 Nb6 14. f4 f5 15. Qe2 O-O 16. Rf3 Nc4 17. Nb3 Bd6 18. Rh3 Qe7 19. Kh1 Rfb8 20. Nc5 a5 21. Na2 Ra7 22. Bc1 axb4 23. Rb1 bxa3 24. Nd3 b4 0-1

[Event "44th Chess Olympiad Women 2022"]
[Site "Chennai"]
[Date "2022.08.08"]
[Round "10.31"]
[White "Khegay, Anjela"]
[Black "Cooke, Suzie G."]
[Result "1-0"]
[WhiteElo "2131"]
[BlackElo "1936"]
[Annotator "NA RC"]
[PlyCount "117"]
[EventDate "2022.??.??"]
[TimeControl "60"]

1. d4 d5 2. c4 e6 3. Nc3 c5 4. Nf3 Nc6 5. cxd5 exd5 6. dxc5 d4 7. Na4 Bxc5 8. Nxc5 Qa5+ 9. Bd2 Qxc5 10. e3 Nf6 11. exd4 Nxd4 12. Nxd4 Qxd4 13. Bb5+ Bd7 14. Qe2+ Kf8 15. Bxd7 Qxd7 16. O-O Re8 17. Be3 Kg8 18. Rfd1 Qf5 19. Qc4 h6 20. Bxa7 Ng4 21. a4 Re4 22. Rd8+ Kh7 23. Rxh8+ Kxh8 24. Qc5 Qe6 25. Qc3 Rc4 26. Qd2 Qe5 27. g3 Qe4 28. Re1 Qf5 29. b3 Rc8 30. Bd4 Nf6 31. Bxf6 Qxf6 32. Qd7 Rc2 33. Qe8+ Kh7 34. Qe4+ Qg6 35. Qxb7 Rb2 36. a5 Qf6 37. Qe4+ g6 38. Qe3 Kg7 39. h4 h5 40. Rc1 Ra2 41. b4 Rb2 42. Qc5 Rb3 43.
b5 Qb2 44. b6 Rb5 45. Qc3+ Qxc3 46. Rxc3 Rxa5 47. Rb3 Ra8 48. b7 Rb8 49. Kg2 Kf6 50. Kf3 Ke6 51. Kf4 f6 52. Rb6+ Ke7 53. Ke4 g5 54. Kf5 gxh4 55. gxh4 Kd7 56. Rxf6 Kc7 57. Rf7+ Kc6 58. Kg6 Rh8 59. f4 1-0

[Event "44th Chess Olympiad Women 2022"]
[Site "Chennai"]
[Date "2022.08.08"]
[Round "10.31"]
[White "Roy, Ali"]
[Black "Hng, Mei-En Emmanuelle"]
[Result "1/2-1/2"]
[WhiteElo "1893"]
[BlackElo "1997"]
[Annotator "NA RC"]
[PlyCount "94"]
[EventDate "2022.??.??"]
[TimeControl "60"]

1. Nf3 Nf6 2. g3 c5 3. Bg2 Nc6 4. O-O e6 5. d3 Be7 6. e4 O-O 7. Nbd2 d6 8. Re1 Qc7 9. Nf1 Rb8 10. c3 b5 11. Bd2 a5 12. d4 Nd7 13. h4 Re8 14. N1h2 b4 15. Rc1 Ba6 16. Ng4 bxc3 17. Bxc3 Nb4 18. Bxb4 Rxb4 19. b3 Qa7 20. d5 e5 21. Nd2 a4 22. Bf1 axb3 23. axb3 Bxf1 24. Rxf1 Nf6 25. Nxf6+ Bxf6 26. Nc4 Qd7 27. Ra1 Reb8 28.
Na5 Rxe4 29. Nc6 Rf8 30. Ra7 Qf5 31. Qd2 Rd4 32. Nxd4 exd4 33. Rfa1 Qxd5 34. Qa5 Qxb3 35. Ra8 g6 36. Qc7 d3 37. Rxf8+ Kxf8 38. Qxd6+ Kg7 39. Ra8 Bd4 40. Qf8+ Kf6 41. Qd6+ Qe6 42. Qd8+ Ke5 43. Qg5+ Qf5 44. Qe7+ Kd5 45. Qb7+ Ke5 46. Re8+ Kd6 47. Rd8+ Ke5 1/2-1/2

[Event "44th Chess Olympiad Women 2022"]
[Site "Chennai"]
[Date "2022.08.08"]
[Round "10.32"]
[White "Palacios, Celina"]
[Black "Matute Escobar, Roxanny"]
[Result "1-0"]
[WhiteElo "1715"]
[BlackElo "1834"]
[Annotator "NA RC"]
[PlyCount "107"]
[EventDate "2022.??.??"]
[TimeControl "60"]

1. e4 c5 2. Nf3 d6 3. d4 cxd4 4. Qd2 d3
5. Qxd3 Nc6 6. Qe3 g6 7. Be2 Bg7 8. O-O Nf6 9. h3 O-O 10. c4 Bd7 11. Nc3 Rc8 12. Rb1 Be6 13. Ng5 Nd7 14. Rd1 Qa5 15. a3 h6 16. Nf3 Nce5 17.
Nxe5 Qxe5 18. Nd5 Bxd5 19. Rxd5 Qf6 20. b3 Nb6 21. Ra5 Ra8 22.
Bb2 e5 23. c5 dxc5 24. Rxc5 Qe6 25. Rc7 Rfd8 26. Rbc1 Rab8 27. Bg4 Qd6 28. Qf3 Bf6 29. a4 h5 30. Bxh5 gxh5 31. Qxh5 Qe6 32. R1c3 Bg7 33. Rg3 Nd7 34. Rxd7 Rxd7 35. Bxe5 f6 36. Bxb8 Qxe4 37. Bxa7 Qe1+ 38. Kh2 Rd1 39. Re3 Qg1+ 40. Kg3 Rd8 41. Re8+ Rxe8 42. Qxe8+ Kh7 43. Qe4+ Kg8 44. Qxb7 Qd1 45. Be3 Bf8 46. Bf4 Qd4 47. a5 Bc5 48. Qf3 f5 49. Qe2 Qc3+ 50. f3 Qg7+ 51. Kh2 Qa7 52. Qe8+ Kh7 53. Qh5+ Kg8 54. Qg6+ 1-0

[Event "44th Chess Olympiad Women 2022"]
[Site "Chennai"]
[Date "2022.08.08"]
[Round "10.32"]
[White "Rovira Contreras, Tairu Manuela"]
[Black "Herrera, Marjorie"]
[Result "1-0"]
[WhiteElo "2036"]
[BlackElo "1760"]
[Annotator "NA RC"]
[PlyCount "145"]
[EventDate "2022.??.??"]
[TimeControl "60"]

1. d4 Nf6 2. c4 g6 3. Nc3 Bg7 4. e4 d6 5. f3 O-O 6. Be3 e5 7. d5 a6 8. Qd2 c6 9. h4 cxd5 10. cxd5 b5 11. g4 h5 12. Qg2 Nbd7 13. Be2 Qa5 14. Nh3 b4 15. Nd1 Nc5 16. Bc4 hxg4 17. Nhf2 g3 18. Qxg3 Nh5 19. Qh2 b3+ 20. Nc3 bxa2 21. Rxa2 Qb4 22. Be2 Bd7 23. O-O Nb3 24. Nd3 Qb8 25. Bd1 Nd4 26. Qf2 Nb5 27. Na4 Bh3 28. Re1 Qd8 29. Kh2 Bd7 30. Nb6 Bf6 31. Bg5 Ra7 32. Nxd7 Qxd7 33. Rg1 Qe7 34. Ra4 Bxg5 35. Rxg5 Qf6 36. Rg4 Raa8 37. Qe3 Kh7 38. Nb4 a5 39. Nc6 Rfc8 40. Be2 Nc7 41. Qg5 Qxg5 42. hxg5 Nf4 43. Bf1 Kg7 44. Rh4 Na6 45. Rxa5 Nc5 46. b4 Ncd3 47. Kg3 Rxa5 48. bxa5 Ra8 49. Rh2 Nc5 50. Rb2 Nh5+ 51. Kf2 Nf4 52. Ke3 f5 53. gxf6+ Kxf6 54. Rb8 Rxb8 55. Nxb8 Nh5 56. a6 Nxa6 57. Bxa6 Ke7 58. Bf1 Nf4 59. Nc6+ Kd7 60. Nb4 Ke7 61. Nd3 Nh5 62. Bh3 Kf6 63. Bg4 Ng7 64. Nb2 Ke7 65. Kf2 g5 66. Nc4 Ne8 67. Ke2 Nf6 68. Kd3 Ne8 69. Kc3 Nc7 70. Kb4 Na6+ 71. Kb5 Nc7+ 72. Kc6 Ne8 73. Bh3 1-0

[Event "44th Chess Olympiad Women 2022"]
[Site "Chennai"]
[Date "2022.08.08"]
[Round "10.32"]
[White "Varela La Madrid, Tilsia Carolina"]
[Black "Ortez, Andrea"]
[Result "1-0"]
[WhiteElo "2079"]
[BlackElo "1908"]
[Annotator "NA RC"]
[PlyCount "141"]
[EventDate "2022.??.??"]
[TimeControl "60"]

1. e4 c5 2. c3 d5 3. exd5 Qxd5 4. d4 Nc6 5. Nf3 g6 6. Na3 a6 7. Bc4 Qd6 8. dxc5 Qxc5 9. Be3 Qh5 10. Qb3 e6 11. O-O-O Nge7 12. h3 Bh6 13. Qb6 O-O 14. g4 Qa5 15. g5 Bg7 16. Qxa5 Nxa5 17. Bc5 Nac6 18. Nd4 Re8 19. Nxc6 Nxc6 20. Bb6 e5 21. Nc2 h6 22. h4 e4 23. Rhe1 Bg4 24. Rd6 Ne5 25. Rxe4 Bf5 26. Rf4 hxg5 27. hxg5 Nxc4 28. Rxc4 Re2 29. Rd2 Re6 30. Bd4 b5 31. Rc7 Rae8 32. Ne3 Be5 33. Bxe5 Rxe5 34. Rd5 Bh3 35. Rcc5 R5e7 36. b3 Kg7 37. Kd2 Be6 38. Rd6 Ra7 39. Rcc6 a5 40. Ra6 Rea8 41. Rxa7 Rxa7 42. Rb6 b4 43. c4 Kf8 44. Rb5 Ke8 45. Kd3 Rd7+ 46. Nd5 Bf5+ 47. Kd4 Ra7 48. Nf6+ Kd8 49. Re5 Be6 50. Kc5 Kc8 51. Kb6 Rb7+ 52. Kxa5 Ra7+ 53. Kxb4 Rxa2 54. f4 Rf2 55. Re4 Rf3 56. Nd5 Kd7 57. Rd4 Kc6 58. Ne7+ Kc7 59. Ka3 Kb7 60. Kb2 Rf2+ 61. Ka3 Rf3 62. Ka4 Kc7 63. b4 Rf1 64. Nd5+ Kc6 65. Ne7+ Kc7 66. b5 Ra1+ 67. Kb4 Rc1 68. Kc5 Kb7 69. Nc6 Kc7 70. b6+ Kb7 71. Na5+ 1-0